 Dungeon Crawl Stone Soup version 0.17-a0-18-gc25b939 (webtiles) character file.

44 Chiseanne the Grave Robber (level 3, -4/21 HPs)
             Began as an Octopode Necromancer on Mar 10, 2015.
             Killed by miscasting Vampiric Draining (12 damage)
             ... on level 2 of the Dungeon.
             The game lasted 00:04:07 (1313 turns).

Chiseanne the Grave Robber (Octopode Necromancer)   Turns: 1313, Time: 00:04:07

Health: -4/21      AC:  1    Str:  8    XL:     3   Next: 60%
Magic:  2/6        EV: 12    Int: 17    God:
Gold:   61         SH:  0    Dex: 12    Spells: 3 memorised, 1 level left

rFire  . . .     SeeInvis .     a - +0 short sword
rCold  . . .     Clarity  .     (no shield)
rNeg   . . .     SustAb   .     (helmet restricted)
rPois  .         Gourm    .     k - amulet of resist mutation
rElec  .         Spirit   .     (no ring)
rCorr  .         Warding  .     (no ring)
rMut   +         Stasis   .     (no ring)
MR     .....                    (no ring)
Stlth  +++.......               (no ring)
                                (no ring)
                                (no ring)
                                (no ring)

@: very slightly contaminated, not resistant to hostile enchantments, fairly
stealthy
A: almost no armour, amphibious, 8 rings, constrict 8, camouflage 1, gelatinous
body 1
a: no special abilities


You were on level 2 of the Dungeon.
You were hungry.

You visited 1 branch of the dungeon, and saw 2 of its levels.

You collected 61 gold pieces.

Inventory:

Hand weapons
 a - a +0 short sword (weapon)
Missiles
 l - 17 arrows
 r - 34 sling bullets
Jewellery
 e - an uncursed amulet of rage
 k - an amulet of resist mutation (around mantle)
Scrolls
 d - 2 scrolls of teleportation {unknown}
 i - 3 scrolls of remove curse {unknown}
 o - a scroll of amnesia {unknown}
Potions
 j - a potion of ambrosia {unknown}
 m - a potion of cancellation {unknown}
 n - a potion of heal wounds {unknown}
 p - a potion of beneficial mutation {unknown}
Books
 b - a book of Necromancy

   Spells                             Type                      Level
   a - Pain                           Necromancy                   1
   b - Animate Skeleton               Necromancy                   1
   c - Vampiric Draining              Necromancy                   3
   d - Regeneration                   Charms/Necromancy            3
   e - Animate Dead                   Necromancy                   4
   f - Control Undead                 Necromancy                   4
Comestibles
 c - 2 bread rations
 f - a slice of pizza
 g - 2 beef jerkies
 h - 2 meat rations
 q - 6 chunks of flesh


   Skills:
 * Level 2.3 Dodging
 * Level 3.1 Stealth
 * Level 2.3 Spellcasting
 * Level 4.6 Necromancy


You had one spell level left.
You knew the following spells:

 Your Spells              Type           Power        Failure   Level  Hunger
a - Pain                  Necr           ###.         2%          1    #......
b - Animate Skeleton      Necr           N/A          2%          1    #......
c - Vampiric Draining     Necr           ###.......   10%         3    ###....


Dungeon Overview and Level Annotations

Branches:
Dungeon (2/15)

Altars:


Innate Abilities, Weirdness & Mutations

You cannot wear most types of armour.
You are amphibious.
You can wear up to eight rings at the same time.
You can use your tentacles to constrict many enemies at once.
Your skin changes colour to match your surroundings (Stealth).
Your rubbery body absorbs attacks (AC +1).


Message History

Your giant newt skeleton bites the worm.
Your adder skeleton bites the worm.
The bat misses you. The worm bites your goblin skeleton!
Your rat skeleton bites the worm.
Your goblin skeleton barely misses the worm.
Your giant newt skeleton bites the worm.
Your adder skeleton barely misses the worm.
Your rat skeleton bites the worm.
Your adder skeleton bites the worm.
The worm dies!
The bat misses you.
Casting: Pain
Confirm with . or Enter, or press ? or * to list all spells.
Aiming: Vampiric Draining
Press: ? - help, Shift-Dir - straight line, f - bat
Aim: a bat You miscast Vampiric Draining.
You are very lightly contaminated with residual magic.
Pain shoots through your body!
Ouch! That really hurt!
You die...

...........#........#
...........######+#.#
##.........# #.#
+....$.....+ #.#
#....Z....# #.#
#....ZZ...# ..#
#....Z%.!.# ..#
#..b......#
#..@#######
######...#
..........########
..................
........#.####....
#............##....#
...##.#.#.#.##....#
#.#.#.#.##....# ####
#.#.#.#.##....#


You could see a bat, a friendly giant newt skeleton, a friendly adder skeleton,
a friendly rat skeleton and a friendly goblin skeleton.

Vanquished Creatures
  2 adders (D:2)
  A giant gecko (D:1)
  2 bats
  A giant cockroach (D:1)
  4 hobgoblins
  2 kobolds (D:1)
  A giant newt (D:2)
  5 goblins
  2 rats
20 creatures vanquished.

Vanquished Creatures (collateral kills)
  A worm (D:2)
  A giant cockroach (D:2)
2 creatures vanquished.

Vanquished Creatures (others)
  A bat skeleton (D:2)
  A hobgoblin skeleton (D:2)
2 creatures vanquished.

Grand Total: 24 creatures vanquished

Notes
Turn   | Place    | Note
--------------------------------------------------------------
     0 | D:1      | Chiseanne, the Octopode Necromancer, began the quest for the Orb.
     0 | D:1      | Reached XP level 1. HP: 11/11 MP: 3/3
    34 | D:1      | Learned a level 1 spell: Animate Skeleton
   368 | D:1      | Reached XP level 2. HP: 17/17 MP: 2/4
   686 | D:1      | You fall through a shaft!
   946 | D:1      | Reached XP level 3. HP: 21/21 MP: 4/6
  1259 | D:2      | Learned a level 3 spell: Vampiric Draining
  1313 | D:2      | Killed by miscasting Vampiric Draining

Action                   || total
-------------------------++-------
Melee: Unarmed           ||     5
       Short sword       ||    10
 Cast: Pain              ||    19
       Animate Skeleton  ||    11
 Stab: Sleeping          ||     5
  Eat: Chunk             ||     1
